 Dungeon Crawl Stone Soup version 0.31-a0-744-gbc345e7fcb (webtiles) character file.

Game seed: 13886566137065455067

2974 Dittersdorf the Fighter (level 9, -9/59 HPs)
             Began as a Gargoyle Fighter on Sept 13, 2023.
             Was an Initiate of Gozag.
             Mangled by a swamp worm (13 damage)
             ... on level 7 of the Dungeon.
             The game lasted 00:11:51 (7269 turns).

Dittersdorf the Fighter (Gargoyle Fighter)          Turns: 7269, Time: 00:11:51

Health: -9/59      AC: 22    Str: 36    XL:     9   Next: 82%
Magic:  9/9        EV:  9    Int:  9    God:    Gozag
Gold:   302        SH:  6    Dex:  9    Spells: 8/8 levels left

rFire   . . .        a - +0 flail
rCold   . . .        c - +1 buckler
rNeg    + . .        t - +0 chain mail
rPois   ∞            (no helmet)
rElec   +            i - +2 cloak
rCorr   .            j - +0 pair of gloves
SInv    .            (no boots)
Will    .....        r - amulet of regeneration Stlth
                     g - +6 ring of strength
HPRegen 1.09/turn    h - +6 ring of strength
MPRegen 0.11/turn

%: no passive effects
@: no status effects
A: sickness immunity, AC +6, negative energy resistance 1, electricity
resistance, torment resistance 1, petrification resistance
a: Renounce Religion, Potion Petition, Call Merchant, Bribe Branch


You were on level 7 of the Dungeon.
You worshipped Gozag.
Gozag was aware of your devotion.
You visited 2 branches of the dungeon, and saw 8 of its levels.
You also visited: Sewer.

You collected 701 gold pieces.
You spent 360 gold pieces at shops.
You paid 39 gold pieces to Gozag.

Inventory:

Hand Weapons
 a - a +0 flail (weapon)
Missiles
 l - a curare-tipped dart (quivered)
Armour
 c - a +1 buckler (worn)
 i - a +2 cloak (worn)
 j - a +0 pair of gloves (worn)
 t - a +0 chain mail (worn)
Jewellery
 g - a +6 ring of strength (left hand)
 h - a +6 ring of strength (right hand)
 r - an amulet of regeneration (around neck)
Wands
 q - a wand of light (8)
 x - a wand of flame (24)
Scrolls
 b - 2 scrolls of brand weapon
 k - 4 scrolls of teleportation
 o - 2 scrolls of fear
 u - a scroll of blinking
 v - a scroll of silence
 w - a scroll of fog
Potions
 d - a potion of might
 e - a potion of brilliance
 f - 4 potions of curing
 m - 2 potions of mutation
 p - a potion of heal wounds
 s - a potion of enlightenment


   Skills:
 + Level 8.0 Fighting
 + Level 6.9 Maces & Flails
 + Level 8.0 Armour
 + Level 8.0 Shields


You had 8 spell levels left.
You didn't know any spells.
Your spell library contained the following spells:

 Spells                   Type           Power      Damage    Failure   Level
 Slow                     Hex            0%         N/A       78%         1
 Summon Small Mammal      Summ           0%         N/A       78%         1
 Call Canine Familiar     Summ           0%         N/A       98%         3
 Confusing Touch          Hex            0%         N/A       98%         3
 Dazzling Flash           Conj/Hex       0%         N/A       98%         3
 Gell's Gravitas          Tloc           0%         N/A       98%         3
 Sigil of Binding         Hex            0%         N/A       98%         3
 Summon Guardian Golem    Hex/Summ       0%         N/A       98%         3
 Teleport Other           Tloc           0%         N/A       98%         3
 Vampiric Draining        Necr           0%         2d6       98%         3
 Dimensional Bullseye     Hex/Tloc       0%         N/A       100%        4
 Leda's Liquefaction      Hex/Erth       0%         N/A       100%        4
 Summon Ice Beast         Ice/Summ       0%         N/A       100%        4
 Agony                    Necr           0%         N/A       100%        5
 Fireball                 Conj/Fire      0%         3d3       100%        5
 Iskenderun's Battlesphe  Conj           0%         2d6       100%        5
 Silence                  Hex/Air        0%         N/A       100%        5
 Summon Mana Viper        Hex/Summ       0%         N/A       100%        5
 Conjure Ball Lightning   Conj/Air       0%         3x3d6     100%        6
 Dispersal                Tloc           0%         N/A       100%        6
 Monstrous Menagerie      Summ           0%         N/A       100%        7
 Orb of Destruction       Conj           0%         9d5       100%        7


Dungeon Overview and Level Annotations

Branches:
Dungeon (7/15)             Temple (1/1) D:4           Sewer (visited)

Altars:
Cheibriados
Dithmenos
Elyvilon
Fedhas
Gozag
Hepliaklqana
Kikubaaqudgha
Nemelex Xobeh
Qazlal
Trog
Uskayaw
Xom
Yredelemnul
Zin
The Shining One

Shops:
D:2 *   D:4 =


Innate Abilities, Weirdness & Mutations

You are immune to sickness and miasma.
Your stone body is resilient. (AC +6)
You are immune to poison.
You resist negative energy. (rN+)
You are resistant to electric shocks. (rElec)
You are resistant to unholy torment.
You are immune to petrification.


Message History

The harpoon shot hits you but does no damage.
The swamp worm fires a harpoon shot at you.
The harpoon shot hits you!
You are yanked forward by the harpoon shot.
Splash!
You fall into the shallow water.
Moving in this stuff is going to be slow.
The swamp worm fires a harpoon shot at you.
You block the harpoon shot.
The swamp worm bites you but does no damage.
The swamp worm fires a harpoon shot at you.
The harpoon shot hits you but does no damage.
The swamp worm fires a harpoon shot at you.
The harpoon shot hits you but does no damage.
The swamp worm fires a harpoon shot at you.
The harpoon shot hits you!
You are yanked forward by the harpoon shot.
Splash!
The swamp worm barely misses you.
The swamp worm attacks as it pursues you!
The swamp worm closely misses you. The swamp worm bites you.
The swamp worm barely misses you. The swamp worm bites you!
The swamp worm attacks as it pursues you!
You block the swamp worm's attack. The swamp worm bites you.
The swamp worm barely misses you.
You hit the swamp worm.
The swamp worm is lightly wounded.
The swamp worm bites you!!
* * * LOW HITPOINT WARNING * * *
The swamp worm bites you!
* * * LOW HITPOINT WARNING * * *
You are too injured to fight recklessly!
You enter the shallow water.
Moving in this stuff is going to be slow.
You block the swamp worm's attack.
The swamp worm attacks as it pursues you!
The swamp worm misses you. The swamp worm barely misses you.
The swamp worm bites you!
You die...
Your body crumbles into a pile of gold.

...........# ##........#
...........# #........##
##############........###
..................##
###..........###...###
######..#### ##....###
##.## ###....## #..#
###...### ###@####
##....# ##.w~~~~## ###...
##.~w≈~≈~~...# ##..
##~~~~###~~~~.. ###
##~~≈### ##~~~. #
##.~~~#~~~ ≈~.
#..~~~~~~~) ~.
#..?~~P#~~~~ .
#....~~≈###~# #


You could see 2 swamp worms.

Vanquished Creatures
  Sigmund (D:5)
  4 yaks (D:5)
  Eustachio (D:4)
  A water moccasin (D:6)
  4 ice beasts
  A black bear (D:4)
  An ogre (D:7)
  A phantom (D:4)
  2 kobold brigands (Sewer)
  Blork the orc (D:5)
  A bullfrog (D:6)
  2 scorpions (D:5)
  4 wights (D:7)
  An orc priest (D:3)
  2 hounds
  A jelly (D:4)
  A gnoll bouda (D:5)
  Crazy Yiuf (D:5)
  2 iguanas
  6 orc wizards
  2 sleepcaps
  6 gnolls
  15 adders
  2 river rats
  A white imp (D:7)
  An ufetubus (D:4)
  4 worms
  3 dart slugs
  25 orcs
  17 ball pythons
  5 endoplasms
  5 giant cockroaches
  8 goblins
  9 hobgoblins
  6 jackals
  7 kobolds
  10 quokkas
  5 bats
  2 frilled lizards
  16 rats
187 creatures vanquished.

Notes
Turn   | Place    | Note
-------+----------+-------------------------------------------
     0 | D:1      | Dittersdorf the Gargoyle Fighter began the quest for the
                  | Orb.
     0 | D:1      | Reached XP level 1. HP: 14/14 MP: 1/1
   166 | D:1      | Reached XP level 2. HP: 19/19 MP: 2/2
   466 | D:1      | Reached XP level 3. HP: 22/23 MP: 3/3
  1108 | D:2      | Identified the +8 rapier "Esiub" {venom, rN+ Int+3}
  1168 | D:2      | Found Murghuc's Assorted Antiques.
  1380 | D:2      | Reached XP level 4. HP: 14/29 MP: 4/4
  1974 | D:3      | Found a glowing drain.
  1978 | Sewer    | Entered a sewer
  2087 | Sewer    | Noticed a kobold brigand
  2141 | Sewer    | Killed a kobold brigand
  2142 | Sewer    | Reached XP level 5. HP: 33/34 MP: 5/5
  2218 | Sewer    | Noticed a kobold brigand
  2240 | Sewer    | Killed a kobold brigand
  2241 | Sewer    | Reached XP level 6. HP: 19/39 MP: 6/6
  3089 | D:3      | Found a glowing silver altar of Zin.
  3186 | D:3      | Reached skill level 5 in Armour
  3495 | D:3      | Reached skill level 5 in Fighting
  3506 | D:4      | Reached skill level 5 in Shields
  3558 | D:4      | Reached XP level 7. HP: 37/44 MP: 7/7
  3842 | D:4      | Found a staircase to the Ecumenical Temple.
  3851 | Temple   | Entered the Ecumenical Temple
  3867 | Temple   | Became a worshipper of Gozag Ym Sagoz the Greedy
  3991 | D:4      | Found a glowing golden altar of the Shining One.
  4087 | D:4      | Found Egaureah's Jewellery Shoppe.
  4240 | D:4      | Reached XP level 8. HP: 51/51 MP: 8/8
  4475 | D:5      | Entered Level 5 of the Dungeon
  4614 | D:5      | Found a white marble altar of Elyvilon.
  4638 | D:5      | Noticed Eustachio
  4640 | D:5      | Noticed Sigmund
  4767 | D:4      | Killed Eustachio
  4768 | D:4      | Reached skill level 5 in Maces & Flails
  4809 | D:5      | Killed Sigmund
  5058 | D:5      | Noticed Blork the orc
  5067 | D:5      | Killed Blork the orc
  5219 | D:5      | Reached XP level 9. HP: 55/56 MP: 9/9
  5259 | D:5      | Found a runed translucent door.
  5260 | D:5      | Noticed Crazy Yiuf
  5523 | D:5      | Killed Crazy Yiuf
  5889 | D:4      | Bought an amulet of regeneration for 360 gold pieces
  7128 | D:7      | Found a basalt altar of Yredelemnul.
  7267 | D:7      | HP: 1/59 [swamp worm (16)]
  7269 | D:7      | Mangled by a swamp worm

Illustrated notes

Levels and vault maps discovered:
D:1:      sevenhm_arrival_forest_fort_large_2, layout_rooms, serial_aquarium,
          aquarium_bridge_straight [aquarium_subvault_bridge,
          aquarium_subvault_window, aquarium_subvault_bridge,
          aquarium_subvault_wall], aquarium_bridge_straight
          [aquarium_subvault_bridge, aquarium_subvault_window,
          aquarium_subvault_bridge, aquarium_subvault_wall],
          aquarium_window_corridor_1, aquarium_window_fake, aquarium_view_2d,
          aquarium_view_2d
D:2:      minmay_spotlight, layout_loops_ring, serial_shops, shop
D:3:      layout_rooms, mainiacjoe_overflow_small_starburst,
          gup_sewer_entry_spiral
D:4:      layout_cave_pods, minmay_temple_entry_overgrown, serial_shops,
          nicolae_shop_waterfront, minmay_ruined_shrine
D:5:      layout_rooms, elyvilon_altar_4, uniq_crazy_yiuf_cottage,
          uniq_blork_the_orc, uniq_eustachio, uniq_sigmund
D:6:      layout_basic
D:7:      layout_cave_pods, lemuel_tele_altar, worms_lemuel
Temple:   jpeg_temple_clearing

Skill      XL: |  1  2  3  4  5  6  7  8  9 |
---------------+----------------------------+-----
Armour         | 4 5 6 8 |  8.0
Fighting       | 4 5 6 8 |  8.0
Shields        | 4 5 6 8 |  8.0
Maces & Flails | 3 4 5 6 |  6.9

Action                     |  1- 3 |  4- 6 |  7- 9 || total
---------------------------+-------+-------+-------++-------
  Melee: Flail             |   121 |   313 |   463 ||   897
  Throw: Dart              |       |       |     1 ||     1
    Use: Scroll            |       |    15 |     4 ||    19
 Armour: Scale mail        |   100 |    14 |       ||   114
         Chain mail        |       |   292 |   373 ||   665
  Dodge: Dodged            |    69 |   155 |   149 ||   373
  Block: Buckler           |    27 |    83 |   130 ||   240

Table legend: (Time is in decaauts)
 A = Elapsed time spent in this place.
 B = Non-inter-level travel time spent in this place.
 C = Inter-level travel time spent in this place.
 D = Time resting spent in this place.
 E = Time spent auto-exploring this place.
 F = Levels seen in this place.
 G = Mean time per level.
                   A        B        C        D        E       F      G
               +--------+--------+--------+--------+--------+-----+--------+
         Total |   7659 |   7305 |    354 |    469 |   4688 |   9 |  851.0 |
       Dungeon |   6564 |   6240 |    324 |    402 |   4201 |   7 |  937.7 |
        Temple |     32 |      2 |     30 |      0 |      0 |   1 |   32.0 |
         Sewer |   1062 |   1062 |      0 |     67 |    486 |   1 | 1062.0 |
               +--------+--------+--------+--------+--------+-----+--------+

Top non-repeatable levels by time:
     D:5: 1347 daAuts
     D:4: 1089 daAuts
   Sewer: 1062 daAuts
     D:6: 960 daAuts
     D:1: 954 daAuts
     D:2: 921 daAuts
     D:3: 869 daAuts
     D:7: 421 daAuts
  Temple: 32 daAuts
